[Event "*** SCC Grand Prix: Titled Tuesday Blitz"]
[Site "Chess.com"]
[Date "2020.09.29"]
[Round "1"]
[White "brunomorado"]
[Black "AlexOstrovskiy"]
[Result "0-1"]
[WhiteElo "2376"]
[BlackElo "2731"]
[TimeControl "180+1"]
[EndTime "10:07:49 PDT"]
[Termination "AlexOstrovskiy won by resignation"]

1. d4 Nf6 2. Nc3 d5 3. Bg5 h6 4. Bh4 e6 5. Bxf6 Qxf6 6. e4 Bb4 7. Ne2 dxe4 8. a3 Bxc3+ 9. Nxc3 Nc6 10. Bb5 Qg6 11.
Qe2 Bd7 12. Qxe4 Qxe4+ 13. Nxe4 O-O-O 14. c3 e5 15. d5 Ne7 16. Bxd7+ Rxd7 17. c4 c6 18. d6 f5 19. O-O-O fxe4 20. dxe7 Rxe7 21. Rhe1 Rf8 22. Rd2 Rd7 23. Rxd7 Kxd7 24. Re2 Ke6 25. Kd2 Rd8+ 26. Ke3 Rd4 27. c5 a5 28. Rd2 Kd5 29.
Rc2 g5 30. h3 h5 31. g3 a4 32. Ke2 h4 33. gxh4 gxh4 34. Rc3 Rc4 35. Kd2 Kxc5 36. Re3 Kd4 37. f3 exf3 38. Rxf3 Kd5 39. Rf8 b5 40. Rd8+ Kc5 41. Re8 Re4 42. Rh8 Kc4 43. Rh5 Kb3 44. Rh6 Rc4 45. Re6 Kxb2 46. Rxe5 Kxa3 0-1

[Event "*** SCC Grand Prix: Titled Tuesday Blitz"]
[Site "Chess.com"]
[Date "2020.09.29"]
[Round "1"]
[White "davigator"]
[Black "Violord"]
[Result "0-1"]
[WhiteElo "2351"]
[BlackElo "2689"]
[TimeControl "180+1"]
[EndTime "10:07:49 PDT"]
[Termination "Violord won by resignation"]

1. e4 c6 2. d4 d5 3. e5 Bf5 4. h4 h6 5. g4 Bd7 6. c3 c5 7.
Be3 Qb6 8. b3 e6 9. f4 h5 10. gxh5 Nh6 11. Bd3 Nc6 12. Nf3 cxd4 13. cxd4 Bb4+ 14. Kf1 Rc8 15. a3 Be7 16. b4 a6 17.
Nbd2 Na7 18. Nb3 Bb5 19. Nc5 Nf5 20. Bf2 Qc6 21. a4 Bxd3+ 22. Qxd3 Rxh5 23. Kg2 Bxc5 24. bxc5 Qd7 25. Ng5 Nc6 26. Rad1 f6 27. Nf3 Kf7 28. Rb1 Rh6 29. Rb6 Rc7 30. Rhb1 Kg8 31. Qb3 Qf7 32. Rxb7 Qg6+ 33. Kf1 Rc8 34. Ke2 Qg2 35. Rg1 Ncxd4+ 36. Nxd4 Nxd4+ 37. Kd1 Qxg1+ 38. Bxg1 Nxb3 39. Rxb3 fxe5 40. fxe5 Rxh4 41. Rb6 Rxa4 42. Kc2 Kf7 43. Kb3 Ra1 44. Bd4 Rd1 45. Kc3 a5 46. Ra6 Rh8 47. Ra7+ Kg6 48. Re7 Rh3+ 49. Kc2 Rxd4 50. Rxe6+ Kf5 51. Re7 Rc4+ 52.
Kd2 d4 53. Rxg7 d3 54. Rg1 Rc2+ 55. Kd1 Rhh2 56. Rf1+ Kxe5 57. c6 Kd6 58. c7 Kxc7 0-1

[Event "*** SCC Grand Prix: Titled Tuesday Blitz"]
[Site "Chess.com"]
[Date "2020.09.29"]
[Round "1"]
[White "ORS1984"]
[Black "shineatchess"]
[Result "1/2-1/2"]
[WhiteElo "2527"]
[BlackElo "2215"]
[TimeControl "180+1"]
[EndTime "10:07:49 PDT"]
[Termination "Game drawn by repetition"]

1. e4 Nf6 2. e5 Nd5 3. d4 d6 4.
Bc4 c6 5. Qe2 g6 6. Nf3 Bg7 7.
O-O O-O 8. Re1 Bg4 9. h3 Bxf3 10. Qxf3 dxe5 11. dxe5 e6 12. Nd2 Nd7 13. Qg3 Qc7 14. Nf3 b5 15. Bf1 N7b6 16. c3 Na4 17. h4 h5 18. Bd3 Ne7 19. Bg5 Nxb2 20. Bc2 Nf5 21. Qf4 Nc4 22. g4 hxg4 23. Qxg4 Nxe5 24. Nxe5 Bxe5 25. h5 Kg7 26. hxg6 fxg6 27. Re2 Rh8 28. f4 Bxc3 29. Rf1 Bd4+ 30. Kg2 c5 31. Rxe6 Qb7+ 32.
Be4 Ne3+ 33. Kf3 Nxg4 34. Bxb7 Nh2+ 35. Kg2 Nxf1 36. Kxf1 Rab8 37. Bc6 Rbc8 38. Re7+ Kf8 39. Bd5 c4 40. Rf7+ Ke8 41. Re7+ Kf8 42. Rf7+ Ke8 43.
Re7+ Kf8 1/2-1/2

[Event "*** SCC Grand Prix: Titled Tuesday Blitz"]
[Site "Chess.com"]
[Date "2020.09.29"]
[Round "1"]
[White "sergeikim"]
[Black "ram1zan"]
[Result "0-1"]
[WhiteElo "2435"]
[BlackElo "2925"]
[TimeControl "180+1"]
[EndTime "10:07:50 PDT"]
[Termination "ram1zan won by resignation"]

1. d4 Nf6 2. c4 e6 3. Nc3 d5 4. Nf3 Bb4 5. e3 O-O 6. Bd3 b6 7. cxd5 exd5 8. O-O Bb7 9. Ne5 Nbd7 10. f4 Bxc3 11. bxc3 Ne4 12. Bd2 f6 13. Nf3 Nd6 14. a4 a5 15. Qc2 f5 16. Ne5 Ba6 17. Bxa6 Rxa6 18. c4 Nxe5 19. fxe5 Nxc4 20. Rae1 Qd7 21. Bc1 Raa8 22. Rf3 Rf7 23. Ref1 Raf8 24. Rh3 Qe6 25. Rg3 c5 26. Rgf3 h6 27. h3 g5 28. Rg3 cxd4 29.
exd4 f4 30. Rb3 Kg7 31. Qd1 Qg6 32. Qe2 h5 33. Rb5 Rd7 34. Qf3 g4 35. hxg4 hxg4 36. Qe2 f3 37. Qf2 Rdf7 38. Qg3 fxg2 39. Rxf7+ Rxf7 40. Qxg2 Rf3 41. Rxd5 Qe4 42. Rd7+ Kg6 43. Bd2 Qb1+ 44. Kh2 Rh3+ 45. Qxh3 gxh3 46. Bf4 Qf5 47. Bg3 Qc2+ 48. Kxh3 Qf5+ 49. Kg2 Qxd7 0-1

[Event "*** SCC Grand Prix: Titled Tuesday Blitz"]
[Site "Chess.com"]
[Date "2020.09.29"]
[Round "1"]
[White "UmarovSabir"]
[Black "alexrustemov"]
[Result "0-1"]
[WhiteElo "2376"]
[BlackElo "2735"]
[TimeControl "180+1"]
[EndTime "10:07:50 PDT"]
[Termination "alexrustemov won by resignation"]

1. e4 e6 2. d4 d5 3. Nd2 dxe4 4. Nxe4 Bd7 5. Nf3 Bc6 6. Bd3 Nd7 7. O-O Ngf6 8. Re1 Nxe4 9. Bxe4 Bxe4 10. Rxe4 c6 11. Bg5 Be7 12. Bxe7 Qxe7 13. Ne5 O-O 14. Nxd7 Qxd7 15. c3 Rfd8 16. Qe2 Qe7 17. Re1 Rd5 18. h3 Rad8 19. Re5 g6 20. Qf3 Kg7 21. Qg3 Qf6 22.
Qe3 a6 23. Qg3 R8d7 24. Qe3 Qh4 25. Kf1 h6 26. Kg1 b5 27. Re4 Qf6 28. b4 a5 29. a3 axb4 30. axb4 Ra7 31. Rf4 Qe7 32. Qf3 Ra3 33. Re3 g5 34. Rfe4 Qf6 35. Qxf6+ Kxf6 36. g4 Ke7 37. Kg2 Kd6 38. Kg3 Ra1 39. f4 Rf1 40. Rf3 Rxf3+ 41. Kxf3 f6 42. Re1 gxf4 43. Kxf4 h5 44.
gxh5 Rxh5 45. Kg4 Rg5+ 46. Kf4 Rh5 47. Kg4 Rh8 48. h4 Rg8+ 49. Kf4 f5 50. h5 Rg4+ 51. Kf3 Rh4 52. Rg1 Rxh5 53. Rg3 Kd5 54. Kf4 Rh4+ 55.
Kg5 Rg4+ 56. Rxg4 fxg4 57. Kxg4 Kc4 58. Kf4 Kxc3 59. Ke5 Kc4 0-1

[Event "*** SCC Grand Prix: Titled Tuesday Blitz"]
[Site "Chess.com"]
[Date "2020.09.29"]
[Round "1"]
[White "Gordima"]
[Black "guillembaches"]
[Result "1-0"]
[WhiteElo "2853"]
[BlackElo "2423"]
[TimeControl "180+1"]
[EndTime "10:07:52 PDT"]
[Termination "Gordima won on time"]

1. Nf3 d5 2. b3 Nf6 3. Bb2 e6 4. g3 Be7 5. c4 O-O 6. Bg2 b6 7. O-O Bb7 8. e3 c5 9. Nc3 Nc6 10. cxd5 exd5 11. d4 Rc8 12. Bh3 Ra8 13. Qe2 Re8 14.
Rfd1 Bf8 15. dxc5 bxc5 16. Qf1 Qb6 17. Rac1 Rad8 18. Na4 Qb4 19. Bc3 Qa3 20. Bxf6 gxf6 21. Qb5 Ba8 22. Bg2 Rb8 23. Qe2 c4 24. Nh4 cxb3 25.
axb3 Qxb3 26. Nc5 Qb5 27. Qg4+ Kh8 28. Nf5 Ne5 29. Qh4 Rb6 30. f4 Ng6 31. Qg4 Bxc5 32. h4 Bf8 33. h5 Ne7 34. Nd4 Qb4 35. Rc7 Qd6 36. Rxa7 f5 37. Nxf5 Qe6 38. e4 dxe4 39. Rxe7 Rxe7 40. Bh3 Qf6 41. Rd8 1-0

[Event "*** SCC Grand Prix: Titled Tuesday Blitz"]
[Site "Chess.com"]
[Date "2020.09.29"]
[Round "1"]
[White "KyronGriffith"]
[Black "TimKett"]
[Result "1-0"]
[WhiteElo "2511"]
[BlackElo "2158"]
[TimeControl "180+1"]
[EndTime "10:07:52 PDT"]
[Termination "KyronGriffith won on time"]

1. e4 e5 2. Nf3 Nc6 3. Bb5 a6 4.
Ba4 Nf6 5. d3 Be7 6. O-O b5 7.
Bb3 d6 8. a3 O-O 9. Nc3 Nb8 10.
Bg5 Nbd7 11. a4 b4 12. Nd5 Nxd5 13. Bxd5 Rb8 14. Be3 a5 15. Nd2 c5 16. c3 Kh8 17.
f4 exf4 18. Bxf4 Ne5 19. d4 bxc3 20. bxc3 cxd4 21. cxd4 Nd3 22. Be3 Nb4 23. Bc4 Be6 24.
Bb5 d5 25. e5 f6 26. Bf4 fxe5 27. Bxe5 Bf6 28. Nf3 Rc8 29. Rc1 Rxc1 30. Qxc1 Bg4 31. Qc5 h6 32. Bd6 Rf7 33. Ne5 Bxe5 34. dxe5 Rxf1+ 35. Kxf1 Qh4 36. h3 Bxh3 37. gxh3 Qxh3+ 38. Kf2 Qh2+ 39. Ke1 Qh1+ 40. Ke2 Qg2+ 41. Qf2 Qe4+ 42. Qe3 Qg2+ 43. Kd1 Qc2+ 44. Ke1 Qb1+ 45. Kf2 Qf5+ 46. Kg2 Qg4+ 47. Kf1 Qd1+ 48. Kf2 d4 49. Qf3 Qd2+ 50. Be2 d3 51. Bxb4 dxe2 52. Bxd2 1-0

[Event "*** SCC Grand Prix: Titled Tuesday Blitz"]
[Site "Chess.com"]
[Date "2020.09.29"]
[Round "1"]
[White "pedro_nascimento85"]
[Black "SharapovEvgeny"]
[Result "0-1"]
[WhiteElo "2002"]
[BlackElo "2476"]
[TimeControl "180+1"]
[EndTime "10:07:53 PDT"]
[Termination "SharapovEvgeny won on time"]

1. d4 d5 2. c4 c6 3. cxd5 cxd5 4. Nc3 Nf6 5. Bf4 Nc6 6. e3 a6 7. Bd3 g6 8. Nf3 Bg7 9. Ne5 Nxe5 10. Bxe5 O-O 11. O-O b5 12. Rc1 Bb7 13. Ne2 Rc8 14. Qb3 Qd7 15. Nf4 e6 16. Rc5 Rxc5 17. dxc5 Rc8 18.
Rc1 Ne4 19. Bxg7 Kxg7 20. Bxe4 dxe4 21. Qc3+ f6 22. b4 e5 23. Ne2 Bc6 24. Ng3 Rd8 25.
h3 h5 26. Qc2 f5 27. Qb2 Qd5 28.
Ne2 Kh7 29. Nc3 Qd2 30. Qxd2 Rxd2 31. Rd1 Rc2 32. Nd5 a5 33. a3 axb4 34. Nxb4 Rxc5 35. Nxc6 Rxc6 36. Rd5 Rc1+ 37. Kh2 h4 38. Rxe5 Rf1 39. Rxb5 Rxf2 40. a4 Ra2 41. a5 Ra3 42. Re5 Rxe3 43. a6 Ra3 44. Re6 Kg7 45. Kg1 Kf7 46. Rb6 e3 47.
Kf1 Ra2 48. Rb7+ Kf6 49. a7 f4 50. Ke1 g5 51. Kf1 Kf5 52. Rf7+ Kg6 0-1

[Event "*** SCC Grand Prix: Titled Tuesday Blitz"]
[Site "Chess.com"]
[Date "2020.09.29"]
[Round "1"]
[White "Revnov"]
[Black "zmeeed67"]
[Result "1-0"]
[WhiteElo "2701"]
[BlackElo "2363"]
[TimeControl "180+1"]
[EndTime "10:07:54 PDT"]
[Termination "Revnov won by checkmate"]

1. e4 Nc6 2. Nf3 d6 3. d4 Nf6 4. Nc3 Bg4 5. h3 Bh5 6. g4 Bg6 7. Qe2 e6 8. h4 h5 9. g5 Nd7 10.
Be3 Nb6 11. d5 e5 12. dxc6 bxc6 13. Bh3 Be7 14. O-O-O O-O 15. Bf5 Qe8 16. Rhg1 Kh7 17. Nd2 Kg8 18. Nf1 d5 19. Bxg6 fxg6 20. exd5 Bb4 21.
Qd3 Bxc3 22. Qxc3 cxd5 23. Bc5 Rf4 24. b3 d4 25. Qa5 Kh7 26. Nd2 Qc6 27. Rge1 Re8 28.
Bxb6 axb6 29. Qb4 d3 30. Nc4 b5 31. Ne3 Rxb4 32. Rxd3 Rd4 33. Red1 Rxd3 34. Rxd3 e4 35. Rd2 Qc3 36. Kd1 Qa1+ 37. Ke2 Qxa2 38. Rd7 c5 39. Rc7 c4 40. bxc4 b4 41. Rb7 Qb2 42. Kf1 Ra8 43. Kg2 Ra2 44. Nd5 Ra6 45.
Ne3 Qc3 46. Rc7 Re6 47. Rb7 Rc6 48. Rd7 Rxc4 49. Nd5 Qxc2 50. Nf6+ Kh8 51. Rd8# 1-0

[Event "*** SCC Grand Prix: Titled Tuesday Blitz"]
[Site "Chess.com"]
[Date "2020.09.29"]
[Round "1"]
[White "MVM2008"]
[Black "Lion-Al-Messi"]
[Result "0-1"]
[WhiteElo "2190"]
[BlackElo "2526"]
[TimeControl "180+1"]
[EndTime "10:07:54 PDT"]
[Termination "Lion-Al-Messi won on time"]

1. e4 e6 2. d4 d5 3. Nd2 c5 4.
exd5 Qxd5 5. dxc5 Bxc5 6. Ngf3 Nf6 7. Bc4 Qh5 8. O-O O-O 9. b3 Nc6 10. Bb2 e5 11. Nxe5 Nxe5 12. Qxh5 Nxh5 13. Bxe5 Bf5 14. Bd3 Bxd3 15. cxd3 Rad8 16. Ne4 Bb6 17. g4 Rfe8 18. d4 Bxd4 19. Bxd4 Rxe4 20. gxh5 Rdxd4 21. Rac1 h6 22. Rc7 Rg4+ 23. Kh1 Rg5 24. f4 Rxh5 25. Rf2 Rh4 26.
Rxb7 Rg4 27. Rf1 a5 28. Rc7 Rd2 29. Rc3 Rgg2 30. Rh3 Rxa2 31. Rg1 Rxg1+ 32. Kxg1 Ra3 33. Rc3 Kh7 34. Rc7 Kg6 35. Ra7 Rxb3 36. Rxa5 Rf3 37.
Ra4 Kf5 38. Kg2 Rxf4 39. Ra5+ Kg6 40. Ra6+ Rf6 41. Ra5 h5 42. Kg3 Kh6 43. h4 Rg6+ 44. Kh3 Rg4 45. Ra6+ f6 46. Ra8 Rb4 47. Rh8+ Kg6 48. Ra8 Rb3+ 49. Kg2 Re3 0-1

[Event "*** SCC Grand Prix: Titled Tuesday Blitz"]
[Site "Chess.com"]
[Date "2020.09.29"]
[Round "1"]
[White "BogdanDeac"]
[Black "rynos0411"]
[Result "1-0"]
[WhiteElo "2900"]
[BlackElo "2429"]
[TimeControl "180+1"]
[EndTime "10:07:56 PDT"]
[Termination "BogdanDeac won by resignation"]

1. Nf3 Nf6 2. c4 e6 3. g3 d5 4. Bg2 Be7 5. d4 O-O 6. O-O a6 7. Qc2 dxc4 8. a4 Bd7 9. Rd1 Bc6 10. Bg5 Nbd7 11. Nbd2 h6 12. Bxf6 Nxf6 13. Nxc4 Be4 14.
Qc1 Nd5 15. Ncd2 Bxf3 16. Bxf3 c6 17. a5 Nb4 18. Nc4 Bf6 19. Qc3 Nd5 20. Qb3 Rb8 21. e4 Nc7 22. e5 Be7 23. Qe3 Nd5 24. Qe2 Qc7 25. Be4 Rfd8 26. Rac1 Bb4 27. Ra1 c5 28. Nd6 cxd4 29. Bxd5 exd5 30. Nf5 Kh7 31. Rxd4 Bxa5 32. Rh4 Bb6 33. Re1 Qc6 34. Qd2 Re8 35. Rg4 Rg8 36.
h3 Rbe8 37. Kg2 Qe6 38. Nd6 Re7 39. Qd3+ g6 40. f4 Bc5 41. f5 gxf5 42. Nxf5 Rxg4 43. Nxe7+ Rg6 44. Nxg6 fxg6 45. Qf3 d4 46. Qxb7+ Kh8 47. Qb8+ Kh7 48. Qc7+ Be7 49. Qb7 Kg8 50. Qe4 Bc5 51. Rc1 Qe7 52. Qd5+ 1-0

[Event "*** SCC Grand Prix: Titled Tuesday Blitz"]
[Site "Chess.com"]
[Date "2020.09.29"]
[Round "1"]
[White "Djager97"]
[Black "aljado"]
[Result "1-0"]
[WhiteElo "2483"]
[BlackElo "2049"]
[TimeControl "180+1"]
[EndTime "10:07:57 PDT"]
[Termination "Djager97 won on time"]

1. e4 c5 2. Nf3 e6 3. d4 cxd4 4. Nxd4 Bc5 5. Nb3 Bb6 6. Nc3 Ne7 7. Qg4 O-O 8. Bd3 f5 9. exf5 Nxf5 10. O-O Nc6 11. Bg5 Qe8 12. Qh3 Qg6 13. Bd2 Ne5 14. Rae1 Nxd3 15. Qxd3 d5 16. Bf4 a5 17. Be5 Bd7 18.
Nd4 Nxd4 19. Qxg6 hxg6 20. Rd1 Nf5 21. g3 Bc6 22. Ne2 Bb5 23. Rfe1 Rac8 24. c3 g5 25. Kg2 a4 26. a3 Bc6 27. Kg1 Kf7 28. Rf1 Bb5 29.
Rfe1 Nh6 30. Bd4 Bc7 31. Bc5 Rfe8 32. Nd4 Bd7 33. Nf3 g4 34. Ng5+ Kg6 35. h4 gxh3 36. Nxh3 Ng4 37. Kg2 e5 38. Ng1 e4 39. Rxd5 Bc6 40.
Rd4 e3+ 41. f3 Ne5 42. Rxe3 Nxf3 43. Rxf3 Bxf3+ 44. Nxf3 Re2+ 45. Kh3 Rxb2 46. Rg4+ Kf7 47. Bd4 1-0

[Event "*** SCC Grand Prix: Titled Tuesday Blitz"]
[Site "Chess.com"]
[Date "2020.09.29"]
[Round "1"]
[White "vpsetter"]
[Black "Chessbard1972"]
[Result "1-0"]
[WhiteElo "2611"]
[BlackElo "2297"]
[TimeControl "180+1"]
[EndTime "10:07:58 PDT"]
[Termination "vpsetter won on time"]

1. d4 d5 2. Nf3 c5 3. dxc5 e6 4.
e4 Bxc5 5. exd5 exd5 6. Bb5+ Nc6 7. O-O Ne7 8. Nbd2 O-O 9. Nb3 Bb6 10. h3 a6 11. Bd3 Ng6 12. Bxg6 fxg6 13. Bg5 Qd6 14. Bh4 Bf5 15. c3 h6 16. Nfd4 Bd7 17. Bg3 Qf6 18.
Nc2 Be6 19. Qd2 Rad8 20. Nbd4 Bf7 21. Rad1 Ne5 22. Qf4 Nc4 23. Qxf6 gxf6 24. b3 Ne5 25. Rfe1 Rfe8 26. Nb4 Kg7 27. Ne2 a5 28. Nc2 Rc8 29. Ne3 Red8 30. Ng4 Nc6 31. Kf1 h5 32. Ne3 d4 33. cxd4 Nxd4 34. Nxd4 Bxd4 35. Re2 Bc3 36. Rxd8 Rxd8 37. Rc2 Bb4 38. Ke2 b5 39. Bc7 Rc8 40. Bb6 Rxc2+ 41. Nxc2 Bc3 42. Kd3 Bb2 43. Bxa5 g5 44.
Bc3 Bg6+ 45. Kd2 1-0

[Event "*** SCC Grand Prix: Titled Tuesday Blitz"]
[Site "Chess.com"]
[Date "2020.09.29"]
[Round "1"]
[White "stefy02"]
[Black "TST2014"]
[Result "0-1"]
[WhiteElo "2234"]
[BlackElo "2560"]
[TimeControl "180+1"]
[EndTime "10:07:58 PDT"]
[Termination "TST2014 won by resignation"]

1. e4 c5 2. Nf3 Nc6 3. Bb5 g6 4. Bxc6 dxc6 5. d3 Bg7 6. h3 Nf6 7. Nc3 Nd7 8. Be3 e5 9. a4 a5 10. O-O b6 11. Nd2 Nf8 12. f4 exf4 13. Bxf4 Ne6 14.
Qf3 O-O 15. Nc4 Nxf4 16. Qxf4 Be6 17. Rad1 Qd4+ 18. Ne3 Be5 19. Qf2 Qb4 20. Rb1 Rab8 21. Ne2 Qxa4 22. c3 Rbd8 23. Rfd1 Rd7 24. Ng4 Bxg4 25.
hxg4 Rfd8 26. Nf4 Qb3 27. g5 Bxf4 28. Qxf4 Qe6 29. Rd2 Rxd3 30. Rf2 Rd1+ 31. Rxd1 Rxd1+ 32. Kh2 Qd6 33. e5 Qe6 34. Qe4 Rd5 35. Re2 Qf5 36.
Qe3 Kg7 37. c4 Rd4 38. Rf2 Rh4+ 39. Kg1 Qb1+ 40. Rf1 Rh1+ 41. Kxh1 Qxf1+ 42. Kh2 Qxc4 43. Qf3 Qe6 44. Qe4 Qd5 45. Qf4 Qe6 46. Qe4 h6 47. gxh6+ Kxh6 48. Qh4+ Kg7 49. Qf4 b5 50. Qe3 c4 51.
Qe4 b4 52. Kg3 a4 53. Kf4 Qf5+ 0-1

[Event "*** SCC Grand Prix: Titled Tuesday Blitz"]
[Site "Chess.com"]
[Date "2020.09.29"]
[Round "1"]
[White "anon481216"]
[Black "FairChess_on_YouTube"]
[Result "0-1"]
[WhiteElo "2442"]
[BlackElo "2937"]
[TimeControl "180+1"]
[EndTime "10:07:59 PDT"]
[Termination "FairChess_on_YouTube won by resignation"]

1. d4 Nf6 2. c4 e6 3. Nf3 a6 4.
Nc3 d5 5. cxd5 exd5 6. Bg5 Be6 7. e3 Nbd7 8. Bd3 h6 9. Bh4 Bd6 10. Bg3 Bxg3 11. hxg3 c6 12. O-O Bg4 13. Rc1 O-O 14.
Na4 Ne4 15. Qc2 Re8 16. Nc5 Nexc5 17. dxc5 Bxf3 18. gxf3 Ne5 19. Be2 h5 20. Kg2 Qf6 21.
Rh1 g6 22. Qc3 Kg7 23. Qd4 Nd7 24. Qxf6+ Kxf6 25. Bd3 a5 26. f4 a4 27. Rc3 Ra5 28. Rhc1 Rea8 29. Kf3 Nf8 30. Bf1 Ne6 31. Bh3 Nc7 32. a3 Rb5 33. R1c2 Rh8 34. Bf1 Ra5 35.
Ke2 h4 36. g4 h3 37. Rc1 Rb5 38. R3c2 Rb3 39. Kf3 Ne6 40. Kg3 h2 41. Bh3 d4 42. g5+ Ke7 43. Re2 dxe3 44. Rxe3 Rxb2 45. Kxh2 Rxf2+ 46. Kg3 Rb2 47. Rce1 Rxh3+ 48. Kxh3 Rc2 49.
Re5 Kd7 50. Kg3 Rxc5 51. Rxc5 Nxc5 52. f5 b5 53. Kf4 Nd3+ 0-1

[Event "*** SCC Grand Prix: Titled Tuesday Blitz"]
[Site "Chess.com"]
[Date "2020.09.29"]
[Round "1"]
[White "Agnes66678"]
[Black "dodorox"]
[Result "1-0"]
[WhiteElo "2478"]
[BlackElo "2008"]
[TimeControl "180+1"]
[EndTime "10:08:00 PDT"]
[Termination "Agnes66678 won on time"]

1. e4 e6 2. d4 d5 3. Nc3 Nf6 4.
e5 Nfd7 5. f4 c5 6. Nf3 Nc6 7. Be3 Qb6 8. Na4 Qa5+ 9. c3 c4 10.
b4 Nxb4 11. cxb4 Bxb4+ 12. Bd2 Bxd2+ 13. Nxd2 b5 14. Nc5 Nxc5 15. dxc5 Qc7 16. Nf3 Qxc5 17.
Qd4 Qxd4 18. Nxd4 Bd7 19. Be2 Ke7 20. Kd2 a5 21. a4 b4 22. Kc2 Rhb8 23. g4 b3+ 24.
Kc3 Rb4 25. Ra3 Rxa4 26. Rxa4 Bxa4 27. Ra1 Bd7 28. f5 g6 29. fxe6 fxe6 30. g5 a4 31. Kb2 Rf8 32. Rf1 Ra8 33. Ra1 Rf8 34. Kc3 Rf2 35. h4 Rh2 36. h5 Rh3+ 37. Kb2 Rh2 38.
hxg6 hxg6 39. Rf1 Rh3 40. Rf3 Rh2 41. Rf6 Rh4 42. Nf3 Re4 43. Bd1 Re3 44. Nh4 c3+ 45.
Ka3 c2 46. Nxg6+ Kd8 47. Bxc2 bxc2+ 48. Kb2 Re2 49. Rf8+ Kc7 50. Rf1 Rd2 51. Rc1 Rg2 52. Nf4 Rxg5 53. Rxc2+ Kd8 54. Nd3 1-0

[Event "*** SCC Grand Prix: Titled Tuesday Blitz"]
[Site "Chess.com"]
[Date "2020.09.29"]
[Round "1"]
[White "PauloCesarCosta_sad"]
[Black "Barys1974"]
[Result "0-1"]
[WhiteElo "2300"]
[BlackElo "2621"]
[TimeControl "180+1"]
[EndTime "10:08:03 PDT"]
[Termination "Barys1974 won on time"]

1. Nf3 d5 2. d4 Nf6 3. c4 e6 4. Nc3 Bb4 5. e3 O-O 6. Bd3 dxc4 7. Bxc4 c5 8. O-O Nc6 9. a3 Ba5 10. dxc5 Bxc3 11. bxc3 Qa5 12. Qb3 Qxc5 13. Qb5 Qxb5 14.
Bxb5 Bd7 15. Rd1 Rfc8 16. c4 Be8 17. Bb2 Ne4 18. Rab1 Na5 19. Bxe8 Rxe8 20. Rd4 Nc5 21. Kf1 Rec8 22. Bc3 Nc6 23. Rdd1 Ne4 24. Bb4 b6 25. Rd7 h6 26. Rbd1 Nf6 27. Rb7 Nd8 28. Re7 a5 29. Bc3 Rxc4 30. Bxf6 Nc6 31. Ne5 gxf6 32.
Nxc4 Nxe7 33. Nxb6 Rb8 34. Nc4 a4 35. Rd4 Rb3 36.
g3 Nd5 37. Rg4+ Kf8 38. h4 h5 39. Rd4 f5 40. Kg2 Ke7 41. Kf3 Kf6 42. Kg2 Nc3 43. Rd3 Ne4 44. Rd4 Rc3 45. Nb6 Rc2 46.
Nxa4 Rxf2+ 47. Kg1 Ra2 48. Nc5 Nxc5 49. Rc4 Ne4 50.
a4 Nxg3 0-1

[Event "*** SCC Grand Prix: Titled Tuesday Blitz"]
[Site "Chess.com"]
[Date "2020.09.29"]
[Round "1"]
[White "Chamal_Gedgafov"]
[Black "valeriocarnicelli"]
[Result "0-1"]
[WhiteElo "2139"]
[BlackElo "2509"]
[TimeControl "180+1"]
[EndTime "10:08:03 PDT"]
[Termination "valeriocarnicelli won by resignation"]

1. d4 Nf6 2. c4 c6 3. Nc3 d5 4. Nf3 dxc4 5. e4 b5 6. e5 Nd5 7. a4 e6 8. axb5 Nxc3 9. bxc3 cxb5 10. Ng5 Bb7 11. Qh5 g6 12. Qg4 Be7 13. h4 h5 14. Qg3 Nd7 15. Be2 Nb6 16. Bf3 Nd5 17. Ne4 a5 18. Bg5 Kf8 19. O-O Bxg5 20. hxg5 Qe7 21. Rfb1 Bc6 22. Nd6 Nxc3 23. Rb2 Nd5 24. Nxb5 Kg7 25. Nd6 c3 26. Rba2 a4 27. Be4 Rhb8 28.
Qf3 Rb3 29. Bc2 Rb4 30. Ne4 Rxd4 31. Nxc3 Qxg5 32. Ne2 Ne7 33. Qg3 Rg4 34. Qe3 Rxg2+ 35. Kf1 Qxe3 36. fxe3 Rg4 37. Nf4 g5 38. Bd1 gxf4 39.
Bxg4 hxg4 40. exf4 Nd5 41. Rf2 Bb5+ 42. Kg1 Ne3 43. Ra3 Nc4 44. Raa2 a3 45. Rg2 Kf8 46. Rxg4 Rd8 47. Rh4 Rd1+ 48. Kf2 Rd2+ 49. Rxd2 Nxd2 50.
Rh8+ Ke7 51. Ra8 Nc4 52. Kf3 Bc6+ 53. Ke2 Bxa8 0-1

[Event "*** SCC Grand Prix: Titled Tuesday Blitz"]
[Site "Chess.com"]
[Date "2020.09.29"]
[Round "1"]
[White "Zhuu96"]
[Black "Nara_Kh"]
[Result "1-0"]
[WhiteElo "2820"]
[BlackElo "2405"]
[TimeControl "180+1"]
[EndTime "10:08:04 PDT"]
[Termination "Zhuu96 won by resignation"]

1. d4 d5 2. c4 c6 3. Nf3 Nf6 4. Nc3 dxc4 5. a4 Bf5 6. Nh4 Bc8 7. e4 e5 8. Nf3 exd4 9. Qxd4 Qxd4 10. Nxd4 Bc5 11.
Be3 Ng4 12. Bxc4 Nxe3 13. fxe3 Nd7 14. Nc2 Ne5 15. Ba2 a5 16. O-O-O Ke7 17. h3 Be6 18.
Nd4 Bxa2 19. Nf5+ Ke6 20. Nxa2 g6 21. Nd4+ Ke7 22. b3 Rhd8 23. Nc3 h5 24. Rhf1 Rd7 25.
Kc2 Rad8 26. Nce2 Bb4 27. Nf4 h4 28. Rf2 Ke8 29. Rdf1 c5 30. Nd5 cxd4 31. exd4 Nc6 32. Nf6+ Kf8 33. d5 Nd4+ 34. Kd3 Nxb3 35. Nxd7+ Rxd7 36. Rf4 Nc5+ 37. Kc4 Nxa4 38. Rxh4 Nc3 39. Rhf4 b5+ 40.
Kb3 Kg7 41. R1f2 Nd1 42. Rc2 Ne3 43. Re2 g5 44. Rf3 Nc4 45. Rf5 Nd2+ 46. Kc2 f6 47. e5 fxe5 48. Rxg5+ Kf6 49. Rexe5 Rc7+ 50. Kd3 Nb3 51. Ref5+ Ke7 52. Rg7+ Kd6 53. Rg6+ Kd7 54. Rf7+ Kc8 55. Rxc7+ Kxc7 56. h4 Nc5+ 57. Kc2 a4 58.
h5 Ne4 59. h6 Bc3 60. Rc6+ Kd7 61. Rxc3 Nxc3 62. h7 Nxd5 63. h8=Q Ne3+ 64. Kc3 Nxg2 65.
Kb4 Nf4 66. Qd4+ Kc6 67. Qxf4 a3 68. Kxa3 Kb6 69. Kb4 1-0

[Event "*** SCC Grand Prix: Titled Tuesday Blitz"]
[Site "Chess.com"]
[Date "2020.09.29"]
[Round "1"]
[White "GMKrikor"]
[Black "lider34"]
[Result "1-0"]
[WhiteElo "2795"]
[BlackElo "2401"]
[TimeControl "180+1"]
[EndTime "10:08:04 PDT"]
[Termination "GMKrikor won by checkmate"]

1. e4 c6 2. d4 d5 3. Nc3 dxe4 4. Nxe4 Nf6 5. Nxf6+ exf6 6. c3 Bd6 7. Bd3 O-O 8. Qc2 Re8+ 9. Ne2 h5 10. O-O h4 11.
h3 Nd7 12. Be3 Nf8 13. Rad1 Be6 14. c4 Qd7 15. Nf4 Bxf4 16. Bxf4 g5 17. Bh2 g4 18. d5 cxd5 19. cxd5 Bxd5 20. Bf5 Qc6 21. Qxc6 bxc6 22. Bxg4 Bxa2 23. Rd4 Bd5 24. Bf5 Ng6 25. Bd3 Ne5 26.
Ba6 Rab8 27. Rxh4 Rxb2 28. Bg3 Ra2 29. Bxe5 fxe5 30. Bd3 e4 31. Re1 f5 32. Rf4 Be6 33. Bf1 Rb8 34. g4 fxg4 35. Rfxe4 Bd5 36. Rxg4+ Kh8 37.
Re5 Bf7 38. Rf5 Rb7 39. Bc4 Ra1+ 40. Kh2 Bxc4 41. Rh4+ Rh7 42. Rxc4 Ra3 43. Rxc6 Raxh3+ 44. Kg2 R3h6 45. Rc8+ Kg7 46. Rfc5 Kf6 47. R8c6+ Ke7 48. Rxh6 Kd8 49. Rxh7 a5 50. Rg5 a4 51. Rg8# 1-0

[Event "*** SCC Grand Prix: Titled Tuesday Blitz"]
[Site "Chess.com"]
[Date "2020.09.29"]
[Round "1"]
[White "frederiksvane"]
[Black "DanielTitichoca"]
[Result "0-1"]
[WhiteElo "2687"]
[BlackElo "2379"]
[TimeControl "180+1"]
[EndTime "10:08:05 PDT"]
[Termination "DanielTitichoca won on time"]

1. e4 c5 2. Nf3 d6 3. Bb5+ Bd7 4. c4 Nf6 5. Nc3 Nc6 6. d4 cxd4 7. Nxd4 a6 8. Bxc6 bxc6 9. O-O e5 10. Nb3 Be6 11. Qe2 Be7 12. Be3 O-O 13. Rfd1 Qc7 14. Rac1 a5 15. Na4 Rfb8 16. c5 Nxe4 17. cxd6 Nxd6 18. Nac5 Bd5 19. Na6 Rxa6 20. Qxa6 Qd7 21. Qe2 Qf5 22. Nxa5 Qg6 23. f3 Nf5 24. Bf2 Bg5 25. Rc2 Bf4 26.
Nc4 Qh5 27. h3 Nh4 28. Bxh4 Qxh4 29. Nxe5 Qg3 30. Ng4 h5 31. Nf2 Qh2+ 32. Kf1 Kf8 33. b3 Re8 34. Qd3 Bg3 35. Qf5 h4 36. Qg5 g6 37.
Qh6+ Kg8 38. Re2 Rxe2 39. Kxe2 Qxg2 40. Qe3 Bxf2 41. Qxf2 Qxh3 42. Rd4 Qe6+ 43. Kd2 h3 44. Rh4 Qf6 45. Qd4 Qg5+ 46. Kc2 Qg2+ 47. Kc3 Qxf3+ 48. Kb4 f6 49. Kc5 Qe2 0-1